 Dungeon Crawl Stone Soup version 0.29.0-4-gdea44cf6ec (webtiles) character file.

Game seed: 5793528418947470171

138 qw the Chopper (level 5, -4/30 HPs)
             Began as a Tengu Warper on Aug 28, 2022.
             Frozen to death by an endoplasm (5 damage)
             ... on level 3 of the Dungeon.
             The game lasted 00:00:18 (3279 turns).

qw the Chopper (Tengu Warper)                       Turns: 3279, Time: 00:00:18

Health: -4/30      AC:  7    Str: 14    XL:     5   Next: 21%
Magic:  9/9        EV: 11    Int: 13    God:
Gold:   137        SH:  5    Dex: 13    Spells: 8/8 levels left

rFire   + . .      SeeInvis .   Y - +0 hand axe
rCold   . . .      Faith    .   a - +1 buckler {rF+}
rNeg    . . .      Spirit   .   e - +0 scale mail
rPois   .          Reflect  .   m - +1 hat
rElec   .          Harm     .   (no cloak)
rCorr   .          Rampage  .   (no gloves)
Will    .....                   (boots unavailable)
Stlth   ..........              (no amulet)
HPRegen 0.10/turn               (no ring)
MPRegen 0.11/turn               (no ring)

@: about to teleport, flying quickly and evasively, quick
A: beak, talons 3, nimble flight
a: no special abilities


You were on level 3 of the Dungeon.
You visited 1 branch of the dungeon, and saw 3 of its levels.

You collected 137 gold pieces.


Innate Abilities, Weirdness & Mutations

You have a beak for a mouth.
You have claws for feet.
Your magical nature lets you fly swiftly and evasively.


   Skills:
 - Level 2.0 Fighting
 + Level 5.6 Axes
 - Level 1.0 Throwing
 - Level 1.1 Armour
 - Level 2.1 Dodging
 - Level 1.0 Shields
 - Level 2.0 Spellcasting
 - Level 2.4 Translocations


You had 8 spell levels left.
You didn't know any spells.
Your spell library contained the following spells:

 Spells                   Type           Power      Damage    Failure   Level
 Blink                    Tloc           14%        N/A       65%         2
 Gell's Gravitas          Tloc           7%         N/A       86%         3
 Lesser Beckoning         Tloc           7%         N/A       86%         3
 Teleport Other           Tloc           7%         N/A       86%         3
 Manifold Assault         Tloc           7%         N/A       100%        5

Inventory:

Hand Weapons
 b - a +0 flail
 Y - a +0 hand axe (weapon)
Armour
 a - a +1 buckler of fire resistance (worn)
 e - a +0 scale mail (worn)
 m - a +1 hat (worn)
Scrolls
 c - a scroll of identify
 i - a scroll of teleportation
Potions
 d - a potion of cancellation {unknown}
 h - a potion of curing {unknown}
 j - 2 potions of might
 k - a potion of mutation {unknown}
 l - a potion of lignification {unknown}

Dungeon Overview and Level Annotations

Branches:
Dungeon (3/15)

Altars:


Message History

The orc wizard hits you with a +0 dagger.
The endoplasm barely misses you. The endoplasm freezes you.
You are frozen.
The orc wizard hits you with a +0 dagger.
You bump into the rock wall.
The endoplasm freezes you.
You are frozen.
The orc wizard gestures at you while chanting.
The magic dart hits you.
You closely miss the orc wizard.
The orc wizard is moderately wounded.
You completely miss the endoplasm.
You feel less confused.
The orc wizard hits you with a +0 dagger.
The endoplasm freezes you.
You are frozen.
3276 ||| READING 2 scrolls of teleportation.
As you read the scroll of teleportation, it crumbles to dust.
You feel strangely unstable. You block the endoplasm's attack.
The orc wizard hits you but does no damage.
You closely miss the orc wizard.
You claw the orc wizard, but do no damage.
The orc wizard is moderately wounded.
You hit the endoplasm but do no damage.
The orc wizard gestures at you while chanting.
The magic dart hits you. The endoplasm freezes you.
You are frozen.
You barely miss the orc wizard.
The orc wizard is moderately wounded.
You hit the endoplasm. You block the orc wizard's attack.
The endoplasm closely misses you.
You hit the endoplasm but do no damage.
The endoplasm is heavily wounded.
You hit the orc wizard. The endoplasm freezes you.
You are frozen.
You die...

## #..########.#..
... ##....#.....##)
...#######...######.
#....#####.........
#....#..........
##.......######.
##### #####..####.##
##. ......##......#
#..####).
........o@....#
##..#...)
........J######
##...... ....(..###
##..... ......#
#..... ...... ##....
...... ##### .....
....[


You could see an orc wizard and an endoplasm.

Vanquished Creatures
  4 gnolls (D:3)
  2 adders
  A worm (D:2)
  2 dart slugs
  5 orcs (D:3)
  7 bats
  7 endoplasms
  9 goblins
  3 hobgoblins
  6 jackals (D:2)
  3 quokkas
  4 ball pythons
  7 kobolds
  6 rats
66 creatures vanquished.

Notes
Turn   | Place    | Note
-------+----------+-------------------------------------------
     0 | D:1      | qw the Tengu Warper began the quest for the Orb.
     0 | D:1      | Reached XP level 1. HP: 12/12 MP: 4/4
     0 | D:1      | 0 ||| qw: Version: 0.1-a-89-g26bdef1
     0 | D:1      | 0 ||| qw: Game counter: 1252
     0 | D:1      | 0 ||| qw: Always use a shield: true
     0 | D:1      | 0 ||| qw: God list: Okawaru
     0 | D:1      | 0 ||| qw: Allow faded altars: false
     0 | D:1      | 0 ||| qw: Do Orc after D:15 true
     0 | D:1      | 0 ||| qw: Do second Lair branch before Depths: true
     0 | D:1      | 0 ||| qw: Lair rune preference: random
     0 | D:1      | 0 ||| qw: Plans: Normal
     0 | D:1      | 0 ||| PLANNING D:1-11
    71 | D:1      | 71 ||| DROPPING +0 club.
   247 | D:1      | Reached XP level 2. HP: 17/17 MP: 6/6
   263 | D:1      | Reached skill level 3 in Axes
  1074 | D:1      | Reached XP level 3. HP: 21/21 MP: 7/7
  1192 | D:1      | Found a faded altar of an unknown god.
  1267 | D:1      | 1267 ||| UPGRADING to +0 scale mail.
  1277 | D:1      | 1277 ||| DROPPING +0 leather armour.
  1278 | D:1      | 1278 ||| READING scroll labelled FAUBAI JAMI.
  1281 | D:1      | 1281 ||| READING scroll labelled YMUYBETHRUT.
  1282 | D:1      | 1282 ||| DROPPING scroll of blinking.
  1326 | D:2      | 1326 ||| FLEEEEING.
  1380 | D:2      | Reached skill level 4 in Axes
  1814 | D:2      | 1814 ||| FLEEEEING.
  1815 | D:2      | 1815 ||| FLEEEEING.
  1819 | D:2      | 1819 ||| FLEEEEING.
  1820 | D:2      | 1820 ||| FLEEEEING.
  1821 | D:2      | 1821 ||| FLEEEEING.
  1822 | D:2      | 1822 ||| FLEEEEING.
  1861 | D:2      | 1861 ||| Stepping ~*~*~tactically~*~*~ (stealth).
  1873 | D:2      | HP: 4/21 [poisoned by an adder]
  1877 | D:2      | Reached XP level 4. HP: 3/26 MP: 8/8
  2721 | D:2      | 2721 ||| UPGRADING to +1 buckler of fire resistance.
  2726 | D:2      | 2726 ||| UPGRADING to +1 hat.
  2731 | D:2      | 2731 ||| DROPPING amulet of faith.
  2732 | D:2      | 2732 ||| DROPPING ring of magical power.
  2733 | D:2      | 2733 ||| READING scroll labelled LALEFY XIAC.
  2734 | D:2      | 2734 ||| DRINKING 3 viscous green potions.
  2815 | D:3      | Reached skill level 1 in Shields
  2820 | D:3      | Reached skill level 5 in Axes
  2828 | D:3      | 2828 ||| FLEEEEING.
  2832 | D:3      | Gained mutation: Your magical nature lets you fly swiftly
                  | and evasively. [Tengu growth]
  2832 | D:3      | Reached XP level 5. HP: 10/30 MP: 9/9
  2837 | D:3      | 2837 ||| STAIRDANCE
  3040 | D:3      | 3040 ||| DROPPING +0 whip.
  3260 | D:3      | 3260 ||| Stepping ~*~*~tactically~*~*~ (stealth).
  3275 | D:3      | HP: 6/30 [frozen (2)]
  3276 | D:3      | 3276 ||| READING 2 scrolls of teleportation.
  3277 | D:3      | HP: 1/30 [frozen (3)]
  3279 | D:3      | Frozen to death by an endoplasm

Levels and vault maps discovered:
D:1:      enne_arrival_octagon_isle, layout_loops_corners,
          dreamdust_ecumenical_altar_angels_and_demons
D:2:      layout_loops_corners
D:3:      layout_rooms, gammafunk_ghost_smash

Skill      XL: |  1  2  3  4 |
---------------+-------------+-----
Axes           | 3 4 5 |  5.6
Shields        | 1 |  1.0
Fighting       | |  2.0
Throwing       | |  1.0
Armour         | |  1.1
Dodging        | |  2.1
Spellcasting   | |  2.0
Translocations | |  2.4

Action                   |  1- 3 |  4- 6 || total
-------------------------+-------+-------++-------
Melee: Hand axe          |    99 |    66 ||   165
       Kick              |    21 |    19 ||    40
       Peck              |    13 |     5 ||    18
Throw: Boomerang         |     7 |       ||     7
  Use: Scroll            |     2 |     2 ||     4
       Potion            |       |     1 ||     1
Armor: Leather armour    |    13 |       ||    13
       Scale mail        |    30 |    23 ||    53
Dodge: Dodged            |    46 |    34 ||    80
Block: Buckler           |       |     6 ||     6

Table legend:
 A = Non-vault XP
 B = Vault XP
 C = Vault XP percentage of total XP
 D = Non-vault monster count
 E = Vault monster count
 F = Vault count percentage of total count
                 A         B        C        D         E       F
            +---------+---------+-------+---------+---------+-------
      Total |     198 |       0 |   0.0 |      66 |       0 |   0.0
            +---------+---------+-------+---------+---------+-------
        D:1 |      38 |       0 |   0.0 |      21 |       0 |   0.0
        D:2 |      67 |       0 |   0.0 |      29 |       0 |   0.0
        D:3 |      93 |       0 |   0.0 |      16 |       0 |   0.0
            +---------+---------+-------+---------+---------+-------
